Map: 킹스 코브 - 래더

Players

Keen - Winner!

  • Race: Terran Terran
  • Spawn Location: 11:00

Clem

  • Race: Terran Terran
  • Spawn Location: 5:00

Event: IEM Season 13: Katowice (2019)

VOD

Have the link to the VOD?

Description

Time

  • Played on: Feb. 25, 2019, 9:23 a.m.
  • Length: 16:44

All games in this series

Show
View Real Time Build Order
Export as new Build Order

Keen Terran - Winner!

Build Orders: Gas First Reaper Expand 

Get SALT Encoding   

  12  0:00  SCV  
  13  0:12  SCV  
  14  0:18  Supply Depot  
  14  0:24  SCV  
  15  0:30  Refinery  
  15  0:39  SCV  
  16  0:46  Barracks  
  16  0:51  SCV  
  17  1:04  SCV  
  18  1:16  SCV  
  19  1:33  Reaper, Orbital Command  
  20  1:54  Command Center  
  20  1:58  SCV  
  20  2:01  Supply Depot  
  21  2:05  Reaper  
  22  2:10  SCV  
  23  2:16  Factory  
  23  2:22  SCV  
  24  2:24  Refinery  
  24  2:34  SCV  
  25  2:39  Barracks Reactor  
  25  2:47  SCV  
  25  2:59  SCV  
  25  3:00  Hellion  
  25  3:02  Starport  
  28  3:08  Orbital Command  
  28  3:11  SCV  
  29  3:15  Marine x2  
  31  3:20  Orbital Command  
  31  3:22  Hellion  
  31  3:23  SCV  
  34  3:33  Marine x2  
  36  3:37  SCV  
  39  3:44  Factory Tech Lab  
  38  3:51  SCV x2  
  38  3:53  Marine x2  
  42  4:00  Supply Depot  
  42  4:03  Siege Tank, SCV  
  42  4:07  SCV, Supply Depot  
  42  4:08  Starport Tech Lab  
  45  4:10  Refinery  
  45  4:11  Marine  
  46  4:22  Supply Depot, SCV x2, Marine  
  49  4:27  Raven  
  51  4:34  SCV x2  
  51  4:37  Command Center  
  53  4:44  Siege Tank  
  56  4:46  SCV  
  56  4:48  SCV  
  56  4:49  Marine  
  56  4:51  Marine  
  60  4:58  SCV, Supply Depot  
  59  5:07  Marine  
  59  5:09  SCV, Marine  
  59  5:10  SCV  
  59  5:13  Raven  
  59  5:19  Cyclone  
  61  5:21  SCV  
  61  5:23  SCV  
  61  5:28  Marine x2  
  63  5:33  SCV  
  63  5:35  SCV  
  64  5:45  Marine  
  64  5:46  Marine  
  64  5:47  SCV  
  65  5:51  Siege Tank  
  65  5:54  SCV  
  69  5:58  Raven  
  69  5:59  SCV  
  69  6:00  Orbital Command  
  69  6:03  Marine x2  
  73  6:11  SCV  
  73  6:13  Refinery, SCV  
  74  6:21  Marine x2  
  74  6:23  Siege Tank, Supply Depot  
  74  6:24  Orbital Command  
  79  6:30  SCV x2  
  81  6:36  Barracks x2  
  81  6:37  Supply Depot  
  81  6:45  Orbital Command, SCV x2  
  83  6:55  Starport Reactor, Marine  
  83  6:56  Stimpack, Siege Tank  
  83  6:59  SCV x2  
  83  7:00  Supply Depot  
  89  7:04  Engineering Bay x2  
  89  7:07  Orbital Command  
  89  7:13  SCV x2  
  90  7:21  Barracks  
  81  7:24  Marine  
  81  7:25  SCV  
  81  7:28  Siege Tank  
  81  7:29  Barracks Reactor  
  76  7:32  SCV  
  76  7:36  Terran Infantry Armor Level 1, Terran Infantry Weapons Level 1  
  73  7:38  SCV  
  73  7:40  SCV  
  73  7:42  Marine  
  76  7:44  SCV  
  76  7:46  Marine x2  
  76  7:48  Viking x2  
  76  7:50  SCV  
  84  7:52  SCV  
  84  7:53  Supply Depot  
  84  7:56  SCV  
  84  7:58  Barracks  
  86  8:00  Marine  
  86  8:02  SCV  
  86  8:04  Missile Turret, Sensor Tower  
  88  8:05  Marine  
  88  8:06  Marine x2  
  88  8:07  Marine x2  
  93  8:15  SCV x3  
  93  8:16  Siege Tank  
  99  8:20  Viking x2  
  103  8:27  Refinery  
  103  8:29  Refinery  
  103  8:32  Barracks Reactor  
  96  8:44  Marine x5  
  96  8:46  Marine  
  93  8:48  Siege Tank  
  93  8:50  SCV x2  
  93  8:51  Viking x2  
  97  9:02  Marine  
  97  9:03  Barracks Reactor  
  97  9:07  Armory  
  97  9:09  Missile Turret  
  96  9:12  SCV x2  
  96  9:19  Marine x3  
  96  9:23  Marine x3  
  102  9:26  Marine  
  102  9:30  SCV x2  
  105  9:32  Combat Shield  
  105  9:36  Siege Tank  
  105  9:37  Marine x2  
  110  9:43  Supply Depot  
  110  9:50  Sensor Tower, Marine  
  110  10:00  Orbital Command, SCV x2  
  110  10:01  Medivac x2  
  115  10:11  Terran Infantry Weapons Level 2, Terran Infantry Armor Level 2  
  98  10:29  SCV x3  
  98  10:31  Medivac x2  
  105  10:40  Marine x6  
  105  10:41  SCV x2  
  105  10:42  SCV  
  114  10:50  Terran Vehicle Weapons Level 1  
  114  10:52  Marine x2  
  114  10:53  SCV x2  
  118  10:59  Siege Tank  
  118  11:03  Medivac  
  123  11:14  Marine  
  124  11:19  Marine  
  97  11:26  SCV  
  97  11:31  SCV x2  
  100  11:35  Marine x2  
  100  11:36  Marine x6  
  100  11:39  SCV  
  109  11:41  Factory  
  109  11:43  SCV x2  
  109  11:45  Siege Tank  
  114  11:50  Marine  
  114  11:52  SCV  
  114  11:53  Marine  
  117  11:55  SCV x2  
  117  11:57  Marine x7  
  117  11:58  Sensor Tower  
  126  12:04  SCV  
  126  12:07  SCV  
  126  12:08  Marine  
  129  12:09  SCV  
  129  12:11  Marine  
  129  12:14  Marine  
  129  12:15  Marine x2  
  134  12:16  SCV  
  134  12:19  Marine x4  
  139  12:24  SCV x2  
  139  12:29  Factory Tech Lab  
  141  12:32  Supply Depot  
  141  12:36  Supply Depot  
  139  12:54  Siege Tank x2  
  145  13:01  Terran Infantry Weapons Level 3, Terran Infantry Armor Level 3, Terran Vehicle Weapons Level 2  
  145  13:06  Marine x4  
  145  13:12  Marine x2  
  150  13:20  Marine x3  
  150  13:24  Marine  
  150  13:26  Siege Tank  
  157  13:40  Supply Depot  
  157  13:41  Supply Depot  
  157  13:45  Liberator x2  
  156  13:59  Command Center  
  156  14:02  Siege Tank  
  165  14:04  Supply Depot  
  165  14:05  Supply Depot  
  165  14:06  Supply Depot  
  162  14:15  Siege Tank  
  153  14:18  Marine x2  
  155  14:34  Siege Tank  
  158  14:40  Marine x7  
  158  14:45  Viking x2  
  169  14:52  Siege Tank  
  172  14:53  Marine x2  
  172  14:58  Marine x3  
  177  15:03  Marine x2  
  178  15:12  Siege Tank  
  181  15:23  Liberator  
  181  15:24  Siege Tank  
  184  15:35  Marine  
  169  15:36  Marine x2  
  167  15:44  Siege Tank  
  170  15:54  Marine x2  
  170  15:55  Marine x2  
  170  15:56  Siege Tank  
  173  16:01  Marine  
  173  16:02  Marine x2  
  167  16:07  Marine x2  
  156  16:13  Marine x2  
  149  16:25  Marine x7  
Show
View Real Time Build Order
Export as new Build Order

Clem Terran 

Build Orders: Banshee Rush 

Get SALT Encoding   

  12  0:01  SCV  
  13  0:13  SCV  
  14  0:17  Supply Depot  
  14  0:25  SCV  
  15  0:29  Refinery  
  15  0:39  SCV  
  16  0:48  Barracks  
  16  0:51  SCV  
  17  1:03  SCV  
  18  1:15  SCV  
  19  1:28  SCV  
  20  1:37  Reaper  
  21  1:40  Orbital Command  
  21  1:50  Command Center  
  21  2:02  Factory  
  21  2:06  SCV  
  22  2:13  Reaper  
  23  2:15  Supply Depot  
  23  2:24  Refinery  
  23  2:37  SCV  
  23  2:48  Hellion  
  23  2:49  Starport, SCV  
  26  3:01  SCV  
  26  3:03  Orbital Command  
  26  3:04  Barracks Tech Lab  
  27  3:11  Factory Tech Lab  
  27  3:13  SCV  
  28  3:25  SCV  
  29  3:29  Refinery, Hellion  
  29  3:30  SCV  
  32  3:35  Cloaking Field  
  32  3:38  SCV  
  32  3:40  Banshee  
  36  3:42  SCV  
  36  3:46  Supply Depot  
  36  3:50  SCV  
  36  3:54  SCV  
  37  3:56  Cyclone  
  37  4:01  Supply Depot  
  40  4:05  Barracks Reactor, SCV  
  40  4:06  SCV  
  42  4:18  SCV  
  42  4:19  SCV  
  42  4:22  Banshee  
  47  4:32  Command Center  
  47  4:37  SCV x2  
  49  4:42  Siege Tank  
  49  4:43  Marine  
  49  4:45  Marine  
  53  4:49  SCV x2  
  55  5:00  Barracks  
  55  5:01  Barracks  
  55  5:02  SCV  
  55  5:06  SCV  
  55  5:09  Raven  
  55  5:10  Marine x2  
  59  5:20  Refinery  
  59  5:21  SCV, Supply Depot  
  59  5:23  SCV  
  61  5:29  Marine  
  62  5:40  SCV  
  62  5:43  Siege Tank, SCV  
  62  5:44  Supply Depot  
  62  5:48  Engineering Bay  
  62  5:49  Engineering Bay  
  66  5:51  Barracks Reactor  
  66  5:52  SCV  
  66  5:55  SCV  
  68  5:57  Marine  
  66  6:04  SCV, Marine  
  66  6:07  SCV  
  66  6:09  Starport Reactor  
  66  6:11  Stimpack, Marine  
  71  6:14  Orbital Command  
  71  6:15  Siege Tank  
  71  6:17  SCV  
  74  6:22  Marine  
  74  6:24  Marine  
  77  6:25  SCV  
  77  6:29  Marine x3  
  80  6:33  SCV, Supply Depot  
  80  6:37  SCV  
  82  6:40  Terran Infantry Weapons Level 1, Marine  
  82  6:41  Supply Depot  
  82  6:42  Terran Infantry Armor Level 1  
  82  6:47  Marine  
  83  6:48  Marine x2  
  83  6:49  SCV  
  83  6:53  Siege Tank, Marine  
  87  6:55  SCV  
  87  6:57  Marine  
  87  7:00  SCV, Supply Depot  
  90  7:04  Marine  
  90  7:06  Marine  
  91  7:10  Marine  
  91  7:11  SCV, Marine  
  91  7:14  Medivac x2  
  91  7:15  Marine  
  90  7:20  SCV  
  84  7:22  Marine  
  84  7:24  SCV  
  84  7:25  Siege Tank  
  84  7:26  SCV  
  84  7:30  Marine x2  
  84  7:33  Armory  
  84  7:36  Barracks x2  
  84  7:38  Marine x2  
  84  7:39  SCV  
  84  7:43  SCV x2  
  88  7:47  Marine x2  
  88  7:49  Medivac x2  
  92  7:53  Factory  
  92  7:55  Marine  
  94  7:58  SCV x2  
  94  8:05  SCV  
  96  8:07  Marine, Siege Tank, Supply Depot  
  96  8:09  Marine x2  
  96  8:12  Combat Shield  
  102  8:13  Marine x2  
  102  8:14  SCV x2  
  102  8:17  SCV  
  107  8:22  Supply Depot  
  107  8:26  SCV  
  106  8:27  SCV  
  106  8:29  SCV  
  106  8:32  Refinery  
  106  8:33  Refinery, Marine x3  
  109  8:35  Marine  
  109  8:38  SCV  
  109  8:39  SCV  
  109  8:41  SCV  
  102  8:45  Marine x2  
  102  8:46  Marine  
  102  8:48  Siege Tank, Factory Tech Lab  
  95  8:51  SCV x2, Marine x2  
  95  8:53  SCV  
  95  8:54  Marine x2  
  100  9:01  Terran Infantry Weapons Level 2  
  99  9:03  SCV  
  99  9:10  SCV  
  99  9:12  Marine x4  
  99  9:16  SCV  
  105  9:18  Barracks Reactor  
  105  9:19  Marine  
  105  9:21  SCV  
  107  9:26  Terran Infantry Armor Level 2  
  107  9:32  Siege Tank  
  107  9:35  Supply Depot  
  111  9:38  SCV x3  
  111  9:39  Marine  
  111  9:40  Marine  
  114  9:46  Terran Vehicle Weapons Level 1  
  114  9:48  Marine  
  114  9:51  SCV  
  116  9:54  Supply Depot  
  116  10:00  Medivac  
  116  10:01  Siege Tank, Medivac  
  116  10:04  SCV, Marine  
  116  10:06  Marine  
  126  10:10  Siege Tank  
  129  10:15  Supply Depot  
  129  10:17  Barracks Reactor, Marine x2  
  129  10:18  Marine x2  
  129  10:19  Marine  
  113  10:33  Siege Tank  
  113  10:34  Marine x2  
  113  10:35  Medivac x2  
  120  10:37  Marine x5  
  123  10:50  SCV  
  123  10:51  SCV x2  
  123  10:52  Marine x2  
  123  10:55  Marine x4  
  132  11:03  Command Center  
  132  11:06  Marine  
  132  11:07  Siege Tank  
  132  11:08  Marine  
  132  11:09  Marine  
  132  11:11  Marine x2  
  139  11:12  Marine  
  139  11:16  Marine  
  140  11:21  Marine  
  140  11:24  Siege Tank  
  114  11:26  Marine  
  114  11:28  Marine x2  
  114  11:32  Marine x4  
  114  11:34  Marine  
  114  11:39  Medivac, Marine  
  120  11:42  SCV x3  
  120  11:43  Marine  
  120  11:44  Viking  
  120  11:46  Marine  
  122  11:48  Marine  
  122  11:50  Marine x2  
  122  11:51  Marine x2  
  127  11:56  Siege Tank  
  127  12:00  Siege Tank, Marine  
  134  12:06  Marine x2  
  134  12:07  Marine  
  137  12:10  Marine  
  137  12:13  Sensor Tower, Marine  
  139  12:19  Marine x4  
  139  12:22  Medivac  
  145  12:26  Planetary Fortress  
  145  12:28  Siege Tank  
  148  12:35  Missile Turret  
  148  12:37  Medivac  
  148  12:41  Sensor Tower  
  148  12:42  Terran Infantry Weapons Level 3  
  150  12:47  Marine x4  
  150  12:48  Marine x3  
  150  12:49  Marine  
  157  13:00  Marine  
  157  13:04  Supply Depot  
  157  13:05  Marine x5  
  158  13:06  Marine  
  158  13:08  Supply Depot  
  158  13:12  SCV x2  
  164  13:13  SCV, Marine  
  155  13:27  Siege Tank  
  155  13:29  Marine x3  
  157  13:36  SCV x2  
  157  13:37  Terran Infantry Armor Level 3, SCV  
  157  13:38  Siege Tank  
  157  13:39  Marine x4  
  157  13:40  Marine x2  
  168  13:45  Medivac  
  168  13:47  Marine x3  
  169  13:51  Supply Depot  
  168  13:57  Marine x4  
  168  14:00  SCV x2, Marine  
  168  14:01  Marine  
  174  14:03  Siege Tank  
  174  14:04  Marine  
  174  14:05  SCV, Marine  
  174  14:09  Marine  
  179  14:14  Marine  
  179  14:15  Marine x3  
  176  14:18  Marine x2  
  176  14:20  Siege Tank  
  176  14:22  Marine x2  
  180  14:27  Marine  
  180  14:29  SCV x2  
  183  14:32  Marine x2  
  183  14:33  Marine x2  
  183  14:35  Supply Depot  
  187  14:42  Supply Depot  
  187  14:45  Siege Tank  
  185  14:46  Marine x2  
  185  14:50  Marine  
  188  14:57  SCV, Medivac, Marine x5  
  196  15:03  SCV, Medivac, Marine  
  199  15:09  Supply Depot  
  197  15:14  Refinery x2  
  197  15:15  Starport  
  197  15:19  Siege Tank  
  197  15:21  Marine x2  
  197  15:22  Marine x2  
  197  15:23  Command Center  
  200  15:35  Marine x4  
  174  15:37  Siege Tank  
  174  15:40  Marine x5  
  170  15:51  Siege Tank  
  170  15:52  Marine  
  170  15:53  Marine  
  166  15:58  Marine x3  
  150  16:09  Siege Tank  
  150  16:10  Marine  
  150  16:11  Marine  
  126  16:16  Marine x3  
  114  16:24  Barracks  
  113  16:26  Barracks x2  
  113  16:29  SCV  
  113  16:30  SCV  

Tags
 
Add a new tag
Caveats
  • Supply blocks, unpowered buildings, or Contaminate may cause inaccurate times.
  • Supply counts are checked every 10 seconds.